Map: Ulrena

Players

SureshotJT

  • Race: Zerg Zerg
  • League: Diamond

LilDicky - Winner!

  • Race: Terran Terran
  • League: Diamond

VOD

http://www.twitch.tv/tumescentpie

Description

Time

  • Played on: Dec. 26, 2015, 6:18 p.m.
  • Length: 10:23
Show
View Real Time Build Order
Export as new Build Order

SureshotJT Zerg 

Build Orders: Hatch First 

Get SALT Encoding   

  12  0:01  Drone  
  13  0:13  Overlord  
  13  0:18  Drone  
  14  0:32  Drone x2  
  16  0:40  Drone  
  17  0:54  Hatchery  
  17  0:57  Drone  
  17  1:01  Drone  
  18  1:04  Extractor  
  18  1:08  Drone  
  18  1:20  Spawning Pool  
  18  1:32  Drone  
  18  1:33  Drone  
  19  1:48  Drone  
  19  1:50  Overlord  
  20  2:07  Queen  
  22  2:09  Zergling x2  
  22  2:10  Zergling x2  
  22  2:12  Queen  
  22  2:14  Metabolic Boost  
  26  2:24  Drone x2, Zergling x2  
  29  2:32  Overlord  
  29  2:35  Drone  
  30  2:39  Drone  
  31  2:51  Queen  
  31  2:54  Drone x2  
  34  3:09  Zergling x6  
  35  3:15  Spine Crawler x2  
  33  3:20  Zergling x4  
  35  3:28  Spine Crawler  
  34  3:35  Zergling x4  
  35  3:42  Zergling x2  
  35  3:44  Overlord  
  31  4:01  Overlord x2  
  29  4:17  Queen  
  30  4:31  Zergling x2  
  30  4:32  Baneling Nest, Zergling x4  
  30  4:36  Extractor  
  30  4:58  Zergling x4  
  32  5:08  Hatchery, Zergling x2  
  32  5:12  Queen  
  34  5:18  Baneling x5  
  34  5:19  Baneling  
  35  5:21  Zergling x2  
  34  5:37  Drone x2  
  34  5:38  Zergling x2  
  34  5:39  Zergling x2  
  34  5:41  Spine Crawler  
  37  5:49  Lair  
  37  5:50  Zergling x2  
  37  5:55  Zergling x2  
  36  6:14  Zergling x2  
  36  6:17  Baneling x4  
  33  6:18  Zergling x2  
  33  6:19  Zergling x4  
  33  6:22  Zergling x2  
  33  6:23  Zergling x2  
  38  6:46  Zergling x2  
  38  6:47  Zergling x6  
  42  7:03  Nydus Network  
  42  7:05  Zergling x12  
  47  7:23  Zergling x8  
  47  7:26  Zergling x6  
  54  7:30  Hatchery  
  53  7:57  Nydus Canal  
  53  7:58  Zergling x12  
  54  8:01  Zergling x2  
  60  8:25  Overlord x2  
  60  8:34  Nydus Canal  
  58  9:00  Zergling x12  
  64  9:03  Baneling x4  
  64  9:05  Baneling  
  64  9:30  Zergling x2  
  64  9:31  Zergling x6  
  68  9:50  Baneling x7  
  68  9:51  Baneling x3  
  49  10:03  Zergling x2  
  49  10:04  Zergling x4  
Show
View Real Time Build Order
Export as new Build Order

LilDicky Terran - Winner!

Build Orders: MMM Bio 

Get SALT Encoding   

  12  0:01  SCV  
  13  0:13  SCV  
  14  0:18  Supply Depot  
  14  0:25  SCV  
  15  0:39  SCV  
  16  0:48  Barracks  
  16  0:52  SCV  
  17  1:04  SCV  
  18  1:16  SCV  
  19  1:28  SCV  
  20  1:34  Barracks  
  20  1:35  Supply Depot, Barracks, Marine  
  20  1:36  Barracks  
  21  1:45  Orbital Command  
  21  1:57  Marine  
  22  2:07  Barracks  
  22  2:10  SCV  
  22  2:14  Marine  
  24  2:15  Supply Depot  
  24  2:24  Marine  
  24  2:25  Marine  
  24  2:27  SCV, Marine  
  28  2:32  Marine  
  29  2:42  Marine  
  30  2:48  Marine x2  
  30  2:50  Marine  
  33  2:53  SCV  
  33  2:55  Marine  
  35  3:00  Marine  
  35  3:03  Supply Depot  
  35  3:05  SCV  
  37  3:06  Marine x2  
  39  3:24  Marine x2  
  39  3:25  Marine x3  
  44  3:33  SCV  
  45  3:42  Marine x2  
  47  3:59  Marine  
  47  4:05  Supply Depot  
  47  4:06  Supply Depot  
  47  4:11  Marine  
  47  4:12  Marine  
  47  4:15  Marine  
  47  4:16  SCV  
  47  4:17  Marine  
  40  4:28  SCV  
  41  4:31  Marine x2  
  41  4:32  Marine  
  41  4:37  Marine  
  45  4:40  Marine  
  45  4:41  Command Center  
  46  4:49  Marine  
  47  4:54  Marine  
  47  4:55  SCV  
  49  5:00  Marine  
  49  5:01  Refinery x2, Marine x2  
  52  5:07  Marine  
  52  5:12  Marine  
  54  5:20  SCV  
  51  5:35  Marine x4  
  47  5:36  Marine  
  47  5:37  SCV  
  52  5:49  SCV  
  53  5:53  Marine  
  53  5:55  Marine x2  
  59  5:58  Orbital Command  
  59  6:01  Barracks Tech Lab  
  59  6:02  Barracks Tech Lab  
  56  6:04  SCV  
  56  6:05  Refinery  
  56  6:11  Marine  
  52  6:13  Marine  
  52  6:15  Marine  
  52  6:16  SCV  
  48  6:21  Stimpack  
  48  6:24  SCV  
  49  6:26  Marine  
  49  6:28  Marine  
  49  6:31  Marine  
  52  6:42  Marine  
  52  6:43  Marine  
  52  6:44  Marine  
  52  6:45  SCV  
  52  6:46  Combat Shields, Marine  
  57  6:51  SCV  
  57  6:53  Factory  
  58  6:56  Marine  
  58  7:00  Marine  
  60  7:02  Marine  
  60  7:03  Marine  
  60  7:04  SCV, Marine  
  64  7:14  Marine  
  65  7:18  Marine  
  65  7:20  SCV, Marine x2  
  65  7:21  SCV  
  65  7:22  Engineering Bay, Marine  
  71  7:33  SCV, Marine  
  71  7:36  Marine  
  74  7:38  Factory Reactor  
  74  7:41  Starport  
  74  7:43  Marine x2  
  76  7:44  SCV  
  76  7:51  Supply Depot  
  77  7:53  Supply Depot  
  77  8:19  Marine x3  
  79  8:20  Missile Turret  
  79  8:22  Missile Turret  
  79  8:26  Supply Depot  
  80  8:31  Supply Depot  
  80  8:32  Orbital Command  
  80  8:33  Supply Depot  
  80  8:39  Marine x2  
  79  9:00  Factory Reactor  
  79  9:03  Marine x2, Medivac x2  
  79  9:04  Marine x3  
  88  9:10  SCV  
  89  9:21  Marine x3  
  89  9:22  Marine x2  
  94  9:25  Supply Depot  
  94  9:28  Supply Depot  
  94  9:32  SCV  
  94  9:33  Medivac x2  
  99  9:39  Marine x4  
  99  9:40  Marine  
  103  9:57  Marine x3  
Tags
 
Add a new tag
Caveats
  • Supply blocks, unpowered buildings, or Contaminate may cause inaccurate times.
  • Supply counts are checked every 10 seconds.